 Dungeon Crawl Stone Soup version 0.27-a0-1319-geec4fb4e21 (webtiles) character file.

Game seed: 16039597778825965146

199 Kold the Cudgeller (level 5, -2/33 HPs)
             Began as a Gargoyle Fighter on June 21, 2021.
             Slain by a yak (10 damage)
             ... on level 3 of the Dungeon.
             The game lasted 00:05:10 (4382 turns).

Kold the Cudgeller (Gargoyle Fighter)               Turns: 4382, Time: 00:05:11

Health: -2/33      AC:  8    Str: 20    XL:     5   Next: 77%
Magic:  5/5        EV:  8    Int:  8    God:
Gold:   148        SH:  9    Dex: 10    Spells: 4/4 levels left

rFire    + . .     SeeInvis .   a - +0 flail
rCold    . . .     Faith    .   c - +0 kite shield
rNeg     + . .     Spirit   .   i - +1 leather armour {rF+}
rPois    ∞         Reflect  .   (no helmet)
rElec    +         Harm     .   e - scarf {repulsion}
rCorr    .         Rampage  .   (no gloves)
Will     .....                  (no boots)
Stlth    +.........             (no amulet)
HPRegen  0.11/turn              (no ring)
MPRegen  0.09/turn              (no ring)

@: repel missiles
A: sickness immunity, AC +4, negative energy resistance 1, electricity
resistance, torment resistance 1, petrification resistance
a: no special abilities


You were on level 3 of the Dungeon.
You visited 1 branch of the dungeon, and saw 4 of its levels.
You also visited: Ossuary.

You collected 148 gold pieces.

Inventory:

Hand Weapons
 a - a +0 flail (weapon)
Missiles
 b - a curare-tipped dart (quivered)
Armour
 c - a +0 kite shield (worn)
 e - a scarf of repulsion (worn)
 i - a +1 leather armour of fire resistance (worn)
Jewellery
 k - a ring of fire
Scrolls
 d - a scroll of amnesia
 f - 4 scrolls of identify
 g - a scroll of vulnerability {unknown}
 h - a scroll of silence
 j - a scroll of summoning {unknown}


   Skills:
 - Level 4.0 Fighting
 * Level 4.6 Maces & Flails
 - Level 4.0 Armour
 - Level 4.0 Shields


You had 4 spell levels left.
You didn't know any spells.
Your spell library contained the following spells:

 Spells                   Type           Power      Damage    Failure   Level
 Magic Dart               Conj           0%         1d3       91%         1
 Searing Ray              Conj           0%         3d3       97%         2
 Dazzling Flash           Conj/Hex       0%         N/A       99%         3
 Fulminant Prism          Conj/Hex       0%         3d6       100%        4
 Iskenderun's Mystic Bla  Conj/Tloc      0%         2d3       100%        4


Dungeon Overview and Level Annotations

Branches:
Dungeon (4/15)            Ossuary (visited)
 Temple: D:4-7

Altars:
Uskayaw
Zin


Innate Abilities, Weirdness & Mutations

You are immune to sickness and miasma.
Your stone body is resilient. (AC +4)
You are immune to poison.
You resist negative energy. (rN+)
You are resistant to electric shocks. (rElec)
You are resistant to unholy torment.
You are immune to petrification.


Message History

The yak bellows! x2
A yak comes into view.
There are monsters nearby!
Sorry, you're not good enough to have a special ability.
Throw: 2 darts (curare)
Press: ? - help, Q - select action Shift-Dir - straight line, f - yak
Aim: a yak (69% to hit)
You throw a curare-tipped dart.
The curare-tipped dart barely misses the yak.
The curare-tipped dart barely misses the yak.
The curare-tipped dart hits the yak.
The yak is poisoned.
The yak convulses.
The yak seems to slow down.
The yak is moderately wounded.
A yak comes into view. x2
The yak bellows!
There is a stone staircase leading up here.
You sock the yak!
The yak is moderately wounded.
You block the yak's attack.
You hit the yak but do no damage.
The yak is moderately wounded.
An endoplasm comes into view.
The endoplasm quivers.
You sock the yak!
The yak is heavily wounded.
The yak gores you but does no damage. You block the yak's attack.
The yak gores you!
The yak bellows!
You block the yak's attack. The yak gores you but does no damage.
You climb upwards.
There is a stone staircase leading down here.
You sock the yak!
The yak is almost dead.
You block the yak's attack. The yak gores you!
* * * LOW HITPOINT WARNING * * *
You block the yak's attack.
You barely miss the yak.
The yak is severely wounded.
The yak gores you!
You die...

##.###.#########.#
#.# #...##.# #.#
#.# ..#....# #.#
#.##########
#...#..# #.#
#...........
...##..# #.#
###########.
#####..# #.# #.
#..# #.# #. #..#
#.# #. # ##.# #@#
#. ######.#
#Y########### #.
#......#
#Y..........# #.
######.#
###########.# #.
#...##.# #.# #.
##..##.# #.# #.
##.#####
######.#####.
#.....#
#............
#.###.#
#.####.######


You could see 2 yaks.

Vanquished Creatures
  Jessica (D:2)
  A mummy (Ossuary)
  3 gnolls (D:2)
  6 adders
  An adder zombie (Ossuary)
  2 worms
  3 bats
  6 endoplasms
  2 hobgoblins (D:1)
  4 jackals (D:2)
  6 quokkas
  3 ball pythons
  4 frilled lizards
  6 goblins
  7 hobgoblin zombies (Ossuary)
  7 kobolds
  10 kobold zombies (Ossuary)
  4 orc zombies (Ossuary)
  2 rats (D:3)
78 creatures vanquished.

Notes
Turn   | Place    | Note
-------+----------+-------------------------------------------
     0 | D:1      | Kold the Gargoyle Fighter began the quest for the Orb.
     0 | D:1      | Reached XP level 1. HP: 14/14 MP: 1/1
   481 | D:1      | Reached XP level 2. HP: 19/19 MP: 2/2
  1062 | D:2      | Noticed Jessica
  1080 | D:2      | Killed Jessica
  1081 | D:2      | Reached XP level 3. HP: 14/24 MP: 3/3
  1300 | D:2      | Reached XP level 4. HP: 26/29 MP: 4/4
  1809 | D:2      | Reached XP level 5. HP: 9/33 MP: 5/5
  2948 | D:3      | Found a hide-covered altar of Uskayaw.
  3632 | D:4      | Found a sand-covered staircase.
  3640 | Ossuary  | Entered an ossuary
  3879 | Ossuary  | HP: 1/33 [elf zombie (5)]
  4252 | D:3      | Found a glowing silver altar of Zin.
  4360 | D:4      | Noticed a yak
  4360 | D:4      | Noticed a yak
  4360 | D:4      | Noticed a yak
  4362 | D:4      | Noticed a yak
  4362 | D:4      | Noticed a yak
  4382 | D:3      | Slain by a yak

Illustrated notes

Levels and vault maps discovered:
D:1:      mainiacjoe_arrival_reflecting_pool, layout_rooms,
          serial_co_window_serial, co_window_of_opportunity_a,
          co_window_paths_a, co_window_corner_a, co_window_cross_1,
          co_window_corner_a, co_window_broadway_b, co_window_2corner,
          co_window_broadway_b, co_window_broadway_c, co_window_2corner,
          co_window_of_opportunity_b, glass_columns_a, glass_columns_a,
          glass_columns_a, hex_intersection
D:2:      layout_loops_ring, uniq_jessica
D:3:      mumra_celtic_spiral_tile, layout_loops_ring, nicolae_uskayaw_suspiria,
          nicolae_overflow_hidden_temple, serial_bayou_lagoon_a
D:4:      layout_loops_ring, nicolae_ossuary_entry_plus, uniq_natasha

Skill      XL: |  1  2  3  4  5 |
---------------+----------------+-----
Maces & Flails | 3 4 |  4.6
Fighting       | 4 |  4.0
Armour         | 4 |  4.0
Shields        | 4 |  4.0

Action                   |  1- 3 |  4- 6 || total
-------------------------+-------+-------++-------
Melee: Flail             |    84 |   189 ||   273
Throw: Dart              |       |     1 ||     1
  Use: Potion            |       |     4 ||     4
       Scroll            |       |     3 ||     3
Armor: Scale mail        |    24 |       ||    24
       Leather armour    |    28 |    95 ||   123
Dodge: Dodged            |    28 |    72 ||   100
Block: Kite shield       |    51 |   110 ||   161

Table legend: (Time is in decaauts)
 A = Elapsed time spent in this place.
 B = Non-inter-level travel time spent in this place.
 C = Inter-level travel time spent in this place.
 D = Time resting spent in this place.
 E = Time spent auto-exploring this place.
 F = Levels seen in this place.
 G = Mean time per level.
                   A        B        C        D        E       F      G
               +--------+--------+--------+--------+--------+-----+--------+
         Total |   4534 |   4346 |    188 |    808 |   2736 |   5 |  906.8 |
       Dungeon |   4258 |   4070 |    188 |    805 |   2644 |   4 | 1064.5 |
       Ossuary |    276 |    276 |      0 |      3 |     92 |   1 |  276.0 |
               +--------+--------+--------+--------+--------+-----+--------+

Top non-repeatable levels by time:
     D:2: 1380 daAuts
     D:3: 1292 daAuts
     D:1: 1001 daAuts
     D:4: 584 daAuts
 Ossuary: 276 daAuts
